 Dungeon Crawl Stone Soup version 0.23.1 (webtiles) character file.

Game seed: 9371711172637731882

73 Borgoz the Skirmisher (level 4, -5/38 HPs)
             Began as a Ghoul Monk on Mar 18, 2019.
             Killed by divine providence
             ... invoked by an orc priest
              (14 damage)
             ... on level 3 of the Dungeon.
             The game lasted 00:01:56 (1613 turns).

Borgoz the Skirmisher (Ghoul Monk)                  Turns: 1613, Time: 00:01:57

Health: -5/38      AC:  6    Str: 14    XL:     4   Next: 27%
Magic:  3/3        EV: 13    Int:  5    God:
Gold:   81         SH:  0    Dex: 12    Spells: 3/3 levels left

rFire    . . .     SeeInvis .   a - +0 rapier
rCold    + . .     Gourm    .   (no shield)
rNeg     + + +     Faith    .   b - +0 robe
rPois    ∞         Spirit   .   i - +2 helmet
rElec    .         Reflect  .   (no cloak)
rCorr    .         Harm     .   l - +0 pair of gloves
MR       .....                  (no boots)
Stlth    ++........             (no amulet)
HPRegen  0.00/turn              (no ring)
MPRegen  0.08/turn              (no ring)

@: rotting, hasted, very quick
A: rotting body, claws 1, carnivore, cold resistance 1, negative energy
resistance 3, inhibited regeneration, torment resistance, unbreathing
a: no special abilities


You were on level 3 of the Dungeon.
You were not hungry.

You visited 1 branch of the dungeon, and saw 3 of its levels.

You collected 81 gold pieces.

Inventory:

Hand Weapons
 a - a +0 rapier (weapon)
Armour
 b - a +0 robe (worn)
 i - a +2 helmet (worn)
 l - a +0 pair of gloves (worn)
Wands
 j - a wand of random effects (10)
Scrolls
 d - 2 scrolls of remove curse {unknown}
 f - a scroll of fear {unknown}
 g - a scroll of teleportation {unknown}
 h - 4 scrolls of identify {unknown}
Potions
 e - a potion of haste
Comestibles
 c - 6 rations


   Skills:
 + Level 3.5 Fighting
 * Level 3.2 Short Blades
 * Level 1.3 Armour
 * Level 3.3 Dodging
 + Level 2.7 Stealth


You had 3 spell levels left.
You didn't know any spells.
Your spell library was empty.

Dungeon Overview and Level Annotations

Branches:
Dungeon (3/15)

Altars:
Vehumet


Innate Abilities, Weirdness & Mutations

Your body is rotting away.
You thrive on raw meat.
You are immune to poison.
You have sharp fingernails.
You are carnivorous and can eat meat at any time.
Your flesh is cold resistant. (rC+)
You are immune to negative energy. (rN+++)
You do not regenerate when monsters are visible.
You are immune to unholy pain and torment.
You can survive without breathing.


Message History

You eat the chunk of flesh.
This raw flesh tastes great!
The orc misses you.
Okay, then.
You puncture the orc!
You kill the orc!
You hit the orc.
The orc is lightly wounded.
The orc hits you with a +0 flail!
* * * LOW HITPOINT WARNING * * *
You hit the orc.
The orc is moderately wounded.
The orc misses you.
You closely miss the orc.
The orc is moderately wounded.
The orc barely misses you.
The orc priest looks braver for a moment.
Okay, then.
It was a potion of haste.
You feel yourself speed up.
The orc priest invokes the aid of Beogh against you.
Beogh smites you!
You die...

### . .. ... #.
#####
.....#o######...#
......oo@.....#.#
.......######...#
....... ##.##
......# #.#
....#. #.# ......
#.# ##... #.# #
.♣ #.# #.#


You could see an orc priest and 2 orcs.

Vanquished Creatures
  2 adders (D:3)
  An adder skeleton (D:2)
  A dart slug (D:2)
  6 orcs (D:3)
  2 bats
  2 giant cockroaches (D:2)
  6 goblins
  6 hobgoblins
  3 jackals (D:2)
  A quokka (D:2)
  A ball python (D:2)
  2 frilled lizards
  6 kobolds
  2 rats
41 creatures vanquished.

Notes
Turn   | Place    | Note
-------+----------+-------------------------------------------
     0 | D:1      | Borgoz the Ghoul Monk began the quest for the Orb.
     0 | D:1      | Reached XP level 1. HP: 19/19 MP: 0/0
     3 | D:1      | Noticed an electric eel
     3 | D:1      | Noticed an electric eel
   295 | D:1      | Reached XP level 2. HP: 19/26 MP: 1/1
  1076 | D:2      | Reached XP level 3. HP: 14/30 MP: 2/2
  1117 | D:2      | Found a radiant altar of Vehumet.
  1260 | D:2      | Reached skill level 1 in Armour
  1589 | D:3      | Reached XP level 4. HP: 25/38 MP: 3/3
  1613 | D:3      | Killed from afar by an orc priest

Skill      XL: |  1  2  3 |
---------------+----------+-----
Short Blades   | 3 |  3.2
Dodging        | 3 |  3.3
Armour         | 1 |  1.3
Fighting       | |  3.5
Stealth        | |  2.7

Action                   |  1- 3 |  4- 6 || total
-------------------------+-------+-------++-------
Melee: Short sword       |   100 |       ||   100
       Rapier            |    58 |    20 ||    78
  Use: Potion            |       |     1 ||     1
 Stab: Sleeping          |     1 |       ||     1
  Eat: Chunk             |    14 |     3 ||    17
Armor: Robe              |    38 |     3 ||    41
Dodge: Dodged            |   126 |    14 ||   140
